 Dungeon Crawl Stone Soup version 0.30-a0-883-g5ad918d77d (webtiles) character file.

Game seed: 51291516640402219

61 porpoise the Sneak (level 4, 0/32 HPs)
             Began as a Gnoll Enchanter on Mar 15, 2023.
             Hit by a stone thrown by a kobold (2 damage)
             ... on level 2 of the Dungeon on Mar 16, 2023.
             The game lasted 00:04:58 (1276 turns).

porpoise the Sneak (Gnoll Enchanter)                Turns: 1276, Time: 00:04:59

Health: 0/32       AC:  2    Str:  7    XL:     4   Next: 7%
Magic:  1/11       EV: 13    Int: 17    God:
Gold:   121        SH:  0    Dex: 12    Spells: 5/13 levels left

rFire   . . .      SeeInvis .    a - +1 dagger
rCold   . . .      Faith    .    (no shield)
rNeg    . . .      Spirit   .    b - +0 robe
rPois   .          Reflect  .    (no helmet)
rElec   .          Rampage  .    (no cloak)
rCorr   .                        (no gloves)
Will    .....                    (no boots)
Stlth   +++                      (no amulet)
HPRegen 0.25/turn                (no ring)
MPRegen 0.12/turn                (no ring)

@: no status effects
A: fangs 1, strong nose, distributed training
a: no special abilities


You were on level 2 of the Dungeon.
You visited 1 branch of the dungeon, and saw 2 of its levels.

You collected 121 gold pieces.

Inventory:

Hand Weapons
 a - a +1 dagger (weapon)
Armour
 b - a +0 robe (worn)
Scrolls
 d - 3 scrolls of identify {unknown}
 e - a scroll of blinking {unknown}
 f - a scroll of immolation {unknown}
Potions
 c - 2 potions of invisibility
 g - 2 potions of attraction {unknown}
 h - 3 potions of magic {unknown}
 i - a potion of flight {unknown}
 j - a potion of curing {unknown}
 k - a potion of heal wounds {unknown}


   Skills:
 + Level 1.0 Fighting
 + Level 2.7 Short Blades
 + Level 1.0 Long Blades
 + Level 1.0 Axes
 + Level 1.0 Maces & Flails
 + Level 1.0 Polearms
 + Level 1.0 Staves
 + Level 1.0 Ranged Weapons
 + Level 1.0 Throwing
 + Level 1.0 Armour
 + Level 4.6 Dodging
 + Level 6.0 Stealth
 + Level 1.0 Shields
 + Level 1.0 Unarmed Combat
 + Level 5.0 Spellcasting
 + Level 0.8 Conjurations
 + Level 5.4 Hexes
 + Level 0.8 Summonings
 + Level 0.8 Necromancy
 + Level 0.8 Translocations
 + Level 0.8 Transmutations
 + Level 0.8 Fire Magic
 + Level 0.8 Ice Magic
 + Level 0.8 Air Magic
 + Level 0.8 Earth Magic
 + Level 0.8 Poison Magic
 + Level 1.1 Invocations
 + Level 1.0 Evocations


You had 5 spell levels left.
You knew the following spells:

 Your Spells              Type           Power      Damage    Failure   Level
a - Ensorcelled Hibernat  Hex/Ice        30%        N/A       6%          2
b - Confusing Touch       Hex            22%        N/A       4%          3
t - Tukima's Dance        Hex            22%        N/A       4%          3

Your spell library contained the following spells:

 Spells                   Type           Power      Damage    Failure   Level
 Dazzling Flash           Conj/Hex       30%        N/A       12%         3
 Passwall                 Tmut/Erth      5%         N/A       16%         2
 Sublimation of Blood     Necr           7%         N/A       16%         2
 Wereblood                Tmut           7%         N/A       16%         2
 Swiftness                Air            7%         N/A       30%         3
 Summon Hydra             Summ           3%         N/A       100%        7


Dungeon Overview and Level Annotations

Branches:
Dungeon (2/15)

Altars:


Innate Abilities, Weirdness & Mutations

You have very sharp teeth.
Your uncanny sense of smell can sniff out nearby items.
Your experience applies equally to all skills.


Message History

You hit the orc priest but do no damage.
The orc priest is lightly wounded.
You hit the orc priest.
The orc priest is heavily wounded.
You hit the orc priest.
The orc priest is heavily wounded.
You catch the helpless orc priest completely off-guard!
You puncture the orc priest!
You kill the orc priest!
Something hits you but does no damage.
Your Fighting skill increases to level 1!
Your Long Blades skill increases to level 1!
Your Axes skill increases to level 1!
Your Maces & Flails skill increases to level 1!
Your Polearms skill increases to level 1!
Your Staves skill increases to level 1!
Your Ranged Weapons skill increases to level 1!
Your Throwing skill increases to level 1!
Your Armour skill increases to level 1!
Your Shields skill increases to level 1!
Your Unarmed Combat skill increases to level 1!
Your Invocations skill increases to level 1!
Your Evocations skill increases to level 1!
You have reached level 4!
You feel clever.
Things that are here:
a +0 short sword; 14 gold pieces; an orc corpse A kobold comes into view.
It is wielding a +0 club.
The orc barely misses you. Something barely misses you.
The orc hits you with a +0 mace! The orc attacks as you move away!
The orc hits you with a +0 hand axe. The orc attacks as you move away!
The orc hits you with a +0 mace. Something hits you.
* * * LOW HITPOINT WARNING * * *
The orc hits you with a +0 mace.
* * * LOW HITPOINT WARNING * * *
The orc attacks as you move away! The orc hits you with a +0 hand axe.
* * * LOW HITPOINT WARNING * * *
The kobold throws a stone.
The stone hits you.
You die...

#..........# #####.....
###.#..#)#.### #......#.#
#.#..#.#...#### #.######.#
#.#..#.###....##.#.#....#.#
#.#..#.#................#.#
#.#.......................#
#####.#.#....####..............
#............o....#########.†##
#.###.#..#).o.@......... ##.#
#.#......#.#...~...~.. #.#
#.#......#.#...........#.##
#.#..#.#..K#..........⌠#..#
#.#..#.#.#.#...........#...
#.#..#.#.#.....~...~..##.##
#.#..#.#.#...........###.#
#....#.#.#<.#########..##
#.#### #............#..


You could see 2 orcs and a kobold.

Vanquished Creatures
  An orc priest (D:2)
  3 dart slugs (D:1)
  An orc (D:2)
  2 bats (D:1)
  2 endoplasms
  3 goblins
  3 hobgoblins
  A quokka (D:2)
  3 ball pythons (D:1)
  2 frilled lizards
  3 kobolds (D:1)
24 creatures vanquished.

Notes
Turn   | Place    | Note
-------+----------+-------------------------------------------
     0 | D:1      | porpoise the Gnoll Enchanter began the quest for the Orb.
     0 | D:1      | Reached XP level 1. HP: 13/13 MP: 6/6
   117 | D:1      | Found a faded altar of an unknown god.
   286 | D:1      | Reached XP level 2. HP: 19/19 MP: 7/7
   404 | D:1      | Learned a level 2 spell: Ensorcelled Hibernation
   651 | D:1      | Reached skill level 5 in Spellcasting
   651 | D:1      | Reached XP level 3. HP: 25/25 MP: 7/9
   655 | D:1      | Learned a level 3 spell: Confusing Touch
   659 | D:1      | Learned a level 3 spell: Tukima's Dance
   659 | D:1      | Upgraded the game from 0.30-a0-881-g1ff12e1e11 to
                  | 0.30-a0-883-g5ad918d77d
  1097 | D:2      | Reached skill level 6 in Stealth
  1272 | D:2      | Reached skill level 1 in Fighting
  1272 | D:2      | Reached skill level 1 in Long Blades
  1272 | D:2      | Reached skill level 1 in Axes
  1272 | D:2      | Reached skill level 1 in Maces & Flails
  1272 | D:2      | Reached skill level 1 in Polearms
  1272 | D:2      | Reached skill level 1 in Staves
  1272 | D:2      | Reached skill level 1 in Ranged Weapons
  1272 | D:2      | Reached skill level 1 in Throwing
  1272 | D:2      | Reached skill level 1 in Armour
  1272 | D:2      | Reached skill level 1 in Shields
  1272 | D:2      | Reached skill level 1 in Unarmed Combat
  1272 | D:2      | Reached skill level 1 in Invocations
  1272 | D:2      | Reached skill level 1 in Evocations
  1272 | D:2      | Reached XP level 4. HP: 21/32 MP: 0/11
  1276 | D:2      | HP: 1/32 [orc/+0 hand axe (3)]
  1276 | D:2      | Hit by a stone thrown by a kobold

Illustrated notes

Levels and vault maps discovered:
D:1:      scummos_arrival_hexagon, layout_basic,
          shapermc_ecumenical_altar_mp_highgroup, minmay_misc_feat_tiny
D:2:      cheibrodos_pilgrimage, layout_basic, uniq_terence, uniq_sigmund

Skill      XL: |  1  2  3 |
---------------+----------+-----
Spellcasting   | 5 |  5.0
Stealth        | 6 |  6.0
Fighting       | 1 |  1.0
Long Blades    | 1 |  1.0
Axes           | 1 |  1.0
Maces & Flails | 1 |  1.0
Polearms       | 1 |  1.0
Staves         | 1 |  1.0
Ranged Weapons | 1 |  1.0
Throwing       | 1 |  1.0
Armour         | 1 |  1.0
Shields        | 1 |  1.0
Unarmed Combat | 1 |  1.0
Invocations    | 1 |  1.1
Evocations     | 1 |  1.0
Short Blades   | |  2.7
Dodging        | |  4.6
Conjurations   | |  0.8
Hexes          | |  5.4
Summonings     | |  0.8
Necromancy     | |  0.8
Translocations | |  0.8
Transmutations | |  0.8
Fire Magic     | |  0.8
Ice Magic      | |  0.8
Air Magic      | |  0.8
Earth Magic    | |  0.8
Poison Magic   | |  0.8

Action                     |  1- 3 |  4- 6 || total
---------------------------+-------+-------++-------
  Melee: Dagger            |    75 |       ||    75
         Bite              |     5 |       ||     5
         Punch             |     1 |       ||     1
   Cast: Ensorcelled Hiber |     8 |       ||     8
         Confusing Touch   |     1 |       ||     1
   Stab: Sleeping          |     8 |       ||     8
         Confused          |     1 |       ||     1
 Armour: Robe              |     9 |       ||     9
  Dodge: Dodged            |    41 |     2 ||    43

Table legend: (Time is in decaauts)
 A = Elapsed time spent in this place.
 B = Non-inter-level travel time spent in this place.
 C = Inter-level travel time spent in this place.
 D = Time resting spent in this place.
 E = Time spent auto-exploring this place.
 F = Levels seen in this place.
 G = Mean time per level.
                   A        B        C        D        E       F      G
               +--------+--------+--------+--------+--------+-----+--------+
         Total |   1267 |   1195 |     72 |    241 |    745 |   2 |  633.5 |
       Dungeon |   1267 |   1195 |     72 |    241 |    745 |   2 |  633.5 |
               +--------+--------+--------+--------+--------+-----+--------+

Top non-repeatable levels by time:
     D:1: 959 daAuts
     D:2: 307 daAuts
